AoeStats
← Ux'La Diabla

Nomad

503727113Analyzed
4v4 RM · 1mo ago on Sep 2, 2026· 46m 58s· 8 players
Game mode
Random Map
Map size
231×231
Population
200
Speed
Normal
Resources
Standard
Victory
Conquest
Starting age
Dark Age
Ending age
Imperial Age
RankedLock teamsTeams togetherTeam positionsShared explorationLock speedFull tech treeHidden civsTurbo modeCheats
Victory
Defeat
🇨🇱 Cumans · Chile
1624
+10
🇺🇸 Britons · United States
1563
+13
🇦🇷 Armenians · Argentina
1523
+15
🇨🇱 Vikings · Chile
1364
+22
🇦🇷 Franks · Argentina
1540
-17
🇦🇷 Byzantines · Argentina
1532
-17
🇦🇷 Vietnamese · Argentina
1457
-13
🇦🇷 Khitans · Argentina
1446
-13
Ds3.TheRazor
4:15 Loom
13:29 Feudal Age
14:10 Town Watch
16:16 Fletching
18:19 Fletching
21:45 Castle Age
20:52 Padded Archer Armor
22:39 Bodkin Arrow
22:20 Crossbowman
30:41 Ballistics
33:17 Double-Bit Axe
40:21 Imperial Age
38:48 Gold Mining
39:53 Wheelbarrow
39:19 Town Patrol
42:09 Thumb Ring
42:05 Bracer
43:27 Parthian Tactics
44:11 Conscription
45:34 Heavy Cavalry Archer
Joni
5:47 Loom
14:05 Feudal Age
18:42 Castle Age
16:40 Double-Bit Axe
17:26 Scale Barding Armor
20:13 Chain Barding Armor
22:55 Husbandry
29:15 Gold Mining
32:47 Forging
35:17 Iron Casting
36:07 Bow Saw
36:34 Gold Shaft Mining
38:21 Wheelbarrow
40:49 Imperial Age
41:09 #83
40:44 Fletching
40:58 Cavalier
42:14 Plate Barding Armor
42:44 Blast Furnace
43:26 Light Cavalry
44:07 Paladin
Dylan L
4:58 Loom
7:36 Loom
13:33 Feudal Age
14:07 Feudal Age
19:42 Castle Age
18:43 Fletching
21:55 Bodkin Arrow
23:08 Padded Archer Armor
24:22 Leather Archer Armor
28:12 Ballistics
30:38 Double-Bit Axe
31:38 Horse Collar
33:06 Heavy Plow
34:43 Scale Mail Armor
Ds3.SoLid
8:39 Loom
13:58 Feudal Age
18:06 Castle Age
16:19 Double-Bit Axe
18:08 Horse Collar
19:18 Bow Saw
23:04 Sanctity
25:36 Pikeman
28:26 Scale Mail Armor
32:15 Fletching
32:49 Elite Skirmisher
33:30 Padded Archer Armor
38:12 Imperial Age
36:42 Ballistics
37:50 Wheelbarrow
38:03 Bodkin Arrow
38:24 Halberdier
39:25 Chain Mail Armor
39:43 Bracer
40:43 Leather Archer Armor
42:15 Ring Archer Armor
41:45 Imperial Skirmisher
42:57 Plate Mail Armor
43:56 Chemistry
Ancalagon14
4:58 Loom
12:43 Feudal Age
13:52 Double-Bit Axe
15:11 Horse Collar
18:14 Wheelbarrow
20:32 Fishing Lines
23:42 Castle Age
23:57 Scale Barding Armor
24:03 Forging
24:04 Bloodlines
23:58 Gold Mining
23:45 Light Cavalry
25:29 Chain Barding Armor
27:22 Iron Casting
28:44 Bow Saw
38:32 Imperial Age
37:12 Town Watch
37:43 Hand Cart
37:56 Steppe Husbandry
38:36 Cavalier
38:50 Elite Steppe Lancer
40:11 Plate Barding Armor
41:29 Blast Furnace
41:56 Hussar
44:33 Paladin
47:36 Cuman Mercenaries
47:57 Conscription
[MGG] JP
5:26 Loom
12:16 Feudal Age
13:13 Double-Bit Axe
14:44 Fletching
22:56 Castle Age
23:46 Medium Warships
23:33 Bodkin Arrow
31:23 Town Watch
34:00 Horse Collar
39:55 Imperial Age
40:18 Scale Mail Armor
41:31 Forging
41:36 Chain Mail Armor
43:19 Iron Casting
43:53 Squires
43:38 Arson
45:04 Plate Mail Armor
[MGG] El Petardo
10:23 Loom
12:18 Feudal Age
17:10 Castle Age
31:10 Double-Bit Axe
33:53 Scale Mail Armor
35:22 Horse Collar
37:02 Heavy Plow
38:19 Forging
39:32 Wheelbarrow
39:40 Squires
39:25 Arson
39:26 Gambesons
39:02 Man-at-Arms
40:59 Iron Casting
40:41 Chain Mail Armor
40:14 Pikeman
41:17 Gold Mining
41:40 Bow Saw
41:54 Long Swordsman
42:44 Two-Handed Swordsman
45:13 Iron Casting
47:57 Imperial Age
Ux'La Diabla
7:39 Loom
14:00 Feudal Age
17:51 Castle Age
16:20 Double-Bit Axe
17:10 Horse Collar
19:15 Fletching
19:21 Fishing Lines
19:52 Bodkin Arrow
21:33 Wheelbarrow
24:58 Padded Archer Armor
25:52 Ballistics
26:08 Padded Archer Armor
26:52 Heavy Plow
27:40 Leather Archer Armor
32:31 Town Watch
33:23 Bow Saw
36:50 Imperial Age
37:51 Hand Cart
37:45 Bracer
38:17 Ring Archer Armor
38:50 Chemistry
38:03 Gold Mining
40:13 Conscription
41:33 Yeomen
41:15 Elite Longbowman
43:09 Warwolf
Connection lost

Rejoining the realm…

Still unreachable

The connection could not be restored.

Session expired

The server has moved on; the page needs a fresh start.